 Dungeon Crawl Stone Soup version 0.29-a0-757-g358383bc75 (webtiles) character file.

Game seed: 17617798106096107337

68 zeratav the Ruffian (level 4, -1/44 HPs)
             Began as a Troll Fighter on June 30, 2022.
             Slain by an orc
             ... wielding a +0 short sword
              (2 damage)
             ... on level 4 of the Dungeon.
             The game lasted 00:02:48 (2488 turns).

zeratav the Ruffian (Troll Fighter)                 Turns: 2488, Time: 00:02:48

Health: -1/44      AC:  4    Str: 26    XL:     4   Next: 1%
Magic:  3/3        EV:  8    Int:  4    God:
Gold:   195        SH:  7    Dex:  9    Spells: 3/3 levels left

rFire   . . .      SeeInvis .     - Unarmed
rCold   . . .      Faith    .   b - +0 kite shield
rNeg    . . .      Spirit   .   a - +0 robe
rPois   .          Reflect  .   (helmet restricted)
rElec   .          Harm     .   (no cloak)
rCorr   .          Rampage  .   (gloves unavailable)
Will    .....                   (boots unavailable)
Stlth   +.........              (no amulet)
HPRegen 0.94/turn               (no ring)
MPRegen 0.08/turn               (no ring)

@: no status effects
A: large, unfitting armour, claws 3, regeneration 1, shaggy fur 1, tough skin 1
a: no special abilities


You were on level 4 of the Dungeon.
You visited 1 branch of the dungeon, and saw 4 of its levels.

You collected 195 gold pieces.


Innate Abilities, Weirdness & Mutations

You are too large for most types of armour.
You have claws for hands.
Your natural rate of healing is unusually fast.
You are covered in fur. (AC +1)
You have tough skin. (AC +1)


   Skills:
 + Level 2.8 Fighting
 - Level 2.4 Dodging
 + Level 3.1 Shields
 + Level 3.5 Unarmed Combat


You had 3 spell levels left.
You didn't know any spells.
Your spell library contained the following spells:

 Spells                   Type           Power      Damage    Failure   Level
 Magic Dart               Conj           0%         1d3       80%         1
 Call Imp                 Summ           0%         N/A       90%         2
 Mephitic Cloud           Conj/Pois/Air  0%         N/A       99%         3

Inventory:

Armour
 a - a +0 robe (worn)
 b - a +0 kite shield (worn)
Scrolls
 e - a scroll of fog {unknown}
 g - a scroll of fear {unknown}
 h - 6 scrolls of identify {unknown}
 k - a scroll of teleportation {unknown}
 l - a scroll of amnesia {unknown}
Potions
 c - a potion of might
 d - 2 potions of lignification {unknown}
 f - a potion of degeneration {unknown}
 i - a potion of flight {unknown}
 j - a potion of invisibility {unknown}
 m - 2 potions of mutation {unknown}
 n - a potion of cancellation {unknown}
 o - a potion of attraction {unknown}

Dungeon Overview and Level Annotations

Branches:
Dungeon (4/15) Zot: 21500
 Temple: D:4-7

Altars:
Hepliaklqana

....... ....... ###
....... #.. .......
#.# ....... #.#
o......
#######.######o......
........)..).@or#
######.######o...$..
##.## #.##...
##...######.# #
#..#........#
#....#####..# #.#.##
##...## ##<###.##


You could see an orc priest, 3 orcs and a quokka.


Message History

The orc barely misses you.
HP[+1]
Your hp is fully restored (36).
The orc priest shouts!
You claw the orc!
You kill the orc!
The kobold throws a stone.
The stone closely misses you.
You have reached level 4!
HP[+8] MP[+1]
You now have 44 max hp (+8).
Your hp is fully restored (44).
Your mp is fully restored (3).
An orc and an orc wizard come into view.
The orc shouts!
The orc wizard shouts!
You hear an angry hiss.
The orc moves out of view.
The orc wizard moves out of view.
An orc comes into view. It is wielding a +0 short sword.
Things that are here:
a +0 hand axe {axe}; a +0 chain mail A quokka comes into view.
You block the kobold's attack.
The orc wizard mumbles some strange words.
The orc wizard flickers and vanishes!
Deactivating autopickup; reactivate with Ctrl-A.
You miss the kobold.
An orc comes into view. It is wielding a +0 whip.
The kobold hits you but does no damage.
You claw the kobold!
You kill the kobold!
The orc priest invokes the aid of Beogh against you.
Beogh smites you!
A water moccasin comes into view.
The water moccasin hisses angrily.
You block the orc priest's attack. The orc hits you with a +0 short sword.
Things that are here:
a +0 dagger {short}; 2 stones {throwing}; a kobold corpse HP[-10]
You take 10 damage, and now have 34/44 hp.
MASSIVE DAMAGE!! (PAUSE)
You barely miss the orc priest. You block the orc priest's attack.
The orc hits you with a +0 short sword. The orc hits you with a +0 dagger.
HP[-8]
You take 8 damage, and now have 26/44 hp.
You barely miss the orc priest.
The orc priest hits you with a +0 flail!
* * * LOW HITPOINT WARNING * * *
The orc hits you with a +0 short sword.
* * * LOW HITPOINT WARNING * * *
The orc hits you but does no damage.
You are too injured to fight recklessly!
HP[-7]
You take 7 damage, and now have 19/44 hp.
You are too injured to fight recklessly!
You are too injured to fight recklessly!
You are too injured to fight recklessly!
You are too injured to fight recklessly!
You are too injured to fight recklessly!
You are too injured to fight recklessly!
You are too injured to fight recklessly!
You are too injured to fight recklessly!
You are too injured to fight recklessly!
You are too injured to fight recklessly!
You are too injured to fight recklessly!
You are too injured to fight recklessly!
You are too injured to fight recklessly!
You are too injured to fight recklessly!
You are too injured to fight recklessly!
You claw the orc priest! You block the orc priest's attack.
The orc hits you with a +0 short sword.
* * * LOW HITPOINT WARNING * * *
You block the orc's attack.
HP[-3]
You take 3 damage, and now have 16/44 hp.
You barely miss the orc priest. The orc priest barely misses you.
You block the orc's attack. The orc hits you but does no damage.
HP[+1]
You closely miss the orc priest.
The orc priest hits you with a +0 flail!
* * * LOW HITPOINT WARNING * * *
You block the orc's attack. The orc barely misses you.
HP[-7]
You take 7 damage, and now have 10/44 hp.
You barely miss the orc priest.
The orc priest hits you with a +0 flail!
* * * LOW HITPOINT WARNING * * *
The orc hits you but does no damage. The orc hits you with a +0 dagger.
* * * LOW HITPOINT WARNING * * *
The quokka twitches its whiskers.
HP[-9]
You take 9 damage, and now have 1/44 hp.
MASSIVE DAMAGE!! (PAUSE)
You scratch the orc priest but do no damage.
You block the orc priest's attack. The orc closely misses you.
The orc hits you with a +0 dagger.
* * * LOW HITPOINT WARNING * * *
You scratch the orc priest. The orc priest barely misses you.
The orc barely misses you. The orc hits you but does no damage.
HP[+1]
The orc attacks as you move away! The orc hits you with a +0 dagger.
* * * LOW HITPOINT WARNING * * *
The orc attacks as you move away! The orc hits you with a +0 short sword.
You die...

Skill      XL: |  1  2  3 |
---------------+----------+-----
Unarmed Combat | 3 |  3.5
Shields        | 3 |  3.1
Fighting       | |  2.8
Dodging        | |  2.4

Action                   |  1- 3 |  4- 6 || total
-------------------------+-------+-------++-------
Melee: Unarmed           |   128 |    10 ||   138
Throw: Stone             |     3 |       ||     3
 Stab: Sleeping          |     1 |       ||     1
Armor: Robe              |    46 |     5 ||    51
Dodge: Dodged            |    45 |     5 ||    50
Block: Kite shield       |    48 |     8 ||    56

Levels and vault maps discovered:
D:1:      ebering_trefoil_twist, layout_basic, serial_forest,
          infiniplex_forest_straight_3, infiniplex_forest_clump_small,
          infiniplex_forest_straight_2, infiniplex_forest_lined_3_way,
          infiniplex_forest_lined_3
D:2:      layout_basic, basic_altar
D:3:      layout_basic, st_stairs_10
D:4:      layout_loops_ring, mainiacjoe_overflow_cross_hatched,
          nicolae_dithmenos_through_a_glass_darkly, minmay_quantized

Notes
Turn   | Place    | Note
-------+----------+-------------------------------------------
     0 | D:1      | zeratav the Troll Fighter began the quest for the Orb.
     0 | D:1      | Reached XP level 1. HP: 22/22 MP: 0/0
     0 | D:1      | magus.rc [v1.9.6]
   533 | D:1      | Reached XP level 2. HP: 29/29 MP: 1/1
  1100 | D:2      | Reached skill level 3 in Unarmed Combat
  1171 | D:2      | Reached XP level 3. HP: 34/36 MP: 2/2
  1193 | D:2      | Found a hazy altar of Hepliaklqana.
  1381 | D:2      | Reached skill level 3 in Shields
  1640 | D:2      | Identified the +1 leather armour of Ecaexei {Will++ Int+3}
  2274 | D:3      | You pick up a book of Minor Magic and begin reading...
  2274 | D:3      | You add the spells Magic Dart, Call Imp and Mephitic Cloud
                  | to your library.
  2475 | D:4      | Reached XP level 4. HP: 44/44 MP: 3/3
  2479 | D:4      | Noticed a water moccasin
  2484 | D:4      | HP: 10/44 [orc priest/+0 flail (8)]
  2485 | D:4      | HP: 4/44 [orc priest/+0 flail (7)]
  2485 | D:4      | HP: 1/44 [orc/+0 dagger (3)]
  2488 | D:4      | Slain by an orc

Vanquished Creatures
  2 adders
  A worm (D:3)
  2 orcs
  6 endoplasms
  3 giant cockroaches
  5 goblins
  6 hobgoblins
  4 kobolds
  3 quokkas
  A ball python (D:2)
  3 bats
  A frilled lizard (D:2)
  4 rats
41 creatures vanquished.

Table legend:
 A = Non-vault XP
 B = Vault XP
 C = Vault XP percentage of total XP
 D = Non-vault monster count
 E = Vault monster count
 F = Vault count percentage of total count
                 A         B        C        D         E       F
            +---------+---------+-------+---------+---------+-------
      Total |      93 |       5 |   5.1 |      38 |       3 |   7.3
            +---------+---------+-------+---------+---------+-------
        D:1 |      15 |       0 |   0.0 |       8 |       0 |   0.0
        D:2 |      46 |       0 |   0.0 |      21 |       0 |   0.0
        D:3 |      28 |       5 |  15.2 |       7 |       3 |  30.0
        D:4 |       4 |       0 |   0.0 |       2 |       0 |   0.0
            +---------+---------+-------+---------+---------+-------

Illustrated notes

Table legend:
 A = Kills in this place as a percentage of kills in entire the game.
 B = Kills by you in this place as a percentage of kills by you in the entire game.
 C = Kills by friends in this place as a percentage of kills by friends in the entire game.
 D = Other kills in this place as a percentage of other kills in the entire game.
 E = Experience gained in this place as a percentage of experience gained in the entire game.
 F = Experience gained in this place divided by the number of levels of this place that you have seen.
                   A       B       C       D       E      F
               +-------+-------+-------+-------+-------+----------------------
         Total | 100.0 | 100.0 |   N/A |   N/A | 100.0 |  24.5
       Dungeon | 100.0 | 100.0 |   N/A |   N/A | 100.0 |  24.5
               +-------+-------+-------+-------+-------+----------------------

Table legend: (Time is in decaauts)
 A = Elapsed time spent in this place.
 B = Non-inter-level travel time spent in this place.
 C = Inter-level travel time spent in this place.
 D = Time resting spent in this place.
 E = Time spent auto-exploring this place.
 F = Levels seen in this place.
 G = Mean time per level.
                   A        B        C        D        E       F      G
               +--------+--------+--------+--------+--------+-----+--------+
         Total |   2499 |   2423 |     76 |      0 |   2111 |   4 |  624.8 |
       Dungeon |   2499 |   2423 |     76 |      0 |   2111 |   4 |  624.8 |
               +--------+--------+--------+--------+--------+-----+--------+

Top non-repeatable levels by time:
     D:1: 1042 daAuts
     D:2: 818 daAuts
     D:3: 588 daAuts
     D:4: 49 daAuts
